 Dungeon Crawl Stone Soup version 0.24-a0-581-gc0fa6600bf (webtiles) character file.

Game seed: 12285770003160468794

32027 MisterOstroum the Fighter (level 13, -5/133 HPs)
             Began as a Troll Fighter on June 18, 2019.
             Was an Elder of Yredelemnul.
             Shot with a stone by a faun (10 damage)
             ... on level 1 of the Shoals on Aug 23, 2019.
             The game lasted 01:32:46 (17492 turns).

MisterOstroum the Fighter (Troll Fighter)          Turns: 17492, Time: 01:32:47

Health: -5/133     AC: 10    Str: 29    XL:     13   Next: 29%
Magic:  10/16      EV: 18    Int:  4    God:    Yredelemnul [****..]
Gold:   1293       SH: 12    Dex: 13    Spells: 12/12 levels left

rFire    . . .     SeeInvis .     - Unarmed
rCold    . . .     Gourm    +   b - +0 shield
rNeg     . . .     Faith    .   A - +0 steam dragon scales
rPois    .         Spirit   .   (helmet restricted)
rElec    .         Reflect  .   E - +0 cloak
rCorr    .         Harm     .   (gloves unavailable)
MR       .....                  (boots unavailable)
Stlth    +.........             (no amulet)
HPRegen  0.72/turn              B - +2 ring of dexterity
MPRegen  0.15/turn              j - +4 ring of evasion

@: lethally poisoned (-5 -> -7), mesmerised, slowed, very slow
A: large, unfitting armour, claws 3, fast metabolism 3, gourmand, regeneration
1, shaggy fur 1, tough skin 3
a: Recall Undead Slaves, Injury Mirror, Animate Dead, Drain Life, Renounce
Religion


You were on level 1 of the Shoals.
You worshipped Yredelemnul.
Yredelemnul was greatly pleased with you.
You were very full.

You visited 3 branches of the dungeon, and saw 17 of its levels.
You also visited: Gauntlet.

You collected 1293 gold pieces.

Inventory:

Hand Weapons
 s - the +8 morningstar "Suxoinet" {protect, MP+9}
   (You took it off a minotaur in a Gauntlet)

   It grants its wielder temporary protection when it strikes (+7 to AC).
   It affects your magic capacity (+9).
 x - a +0 giant club
Missiles
 g - 309 stones (quivered)
 m - 17 silver javelins
 o - 39 poisoned darts
 q - 11 atropa-tipped darts
 T - 7 boomerangs of dispersal
Armour
 a - a +2 robe of magic resistance
 b - a +0 shield (worn)
 A - +0 steam dragon scales (worn)
 E - a +0 cloak (worn)
Jewellery
 i - an uncursed ring of protection from fire
 j - a +4 ring of evasion (right claw)
 l - an uncursed ring of protection from fire
 B - a +2 ring of dexterity (left claw)
Wands
 u - a wand of iceblast (20)
 w - a wand of acid (37)
 y - a wand of random effects (10)
 H - a wand of polymorph (12)
 K - a wand of scattershot (2)
 M - a wand of digging (10)
 Z - a wand of enslavement (9)
Scrolls
 f - 6 scrolls of teleportation {@r3 !r}
 h - 7 scrolls of remove curse {@r2}
 F - a scroll of identify {@r1}
Potions
 c - 5 potions of might {@q3 !q}
 d - 4 potions of curing
 k - a potion of magic {unknown}
 n - 2 potions of berserk rage
 p - 4 potions of cancellation
 r - a potion of lignification {unknown}
 v - a potion of heal wounds
 z - a potion of resistance {unknown}
 C - 2 potions of mutation
 D - 2 potions of haste {@q4 !q}
 N - 4 potions of agility {@q5 !q}
 U - a potion of ambrosia {unknown}
 W - a potion of flight {unknown}
 Y - 3 potions of brilliance
Miscellaneous
 t - a box of beasts
 J - a crystal ball of energy
Comestibles
 e - 26 rations


   Skills:
 + Level 10.2 Fighting
 + Level 4.1 Throwing
 - Level 2.9 Armour
 - Level 8.0 Dodging
 - Level 9.1 Shields
 - Level 10.0 Unarmed Combat
 + Level 5.4 Invocations
 - Level 5.0 Evocations


You had 12 spell levels left.
You didn't know any spells.
Your spell library contained the following spells:

 Spells                   Type           Power        Failure   Level  Hunger
 Animate Skeleton         Necr           N/A          50%         1    ##.....
 Apportation              Tloc           #.....       50%         1    ##.....
 Beastly Appendage        Tmut           #.....       50%         1    ##.....
 Confusing Touch          Hex            #.....       50%         1    ##.....
 Corona                   Hex            #......      50%         1    ##.....
 Flame Tongue             Conj/Fire      #....        50%         1    ##.....
 Pain                     Necr           #...         50%         1    ##.....
 Summon Small Mammal      Summ           #...         50%         1    ##.....
 Ensorcelled Hibernation  Hex/Ice        #.....       65%         2    ###....
 Slow                     Hex            #.......     65%         2    ###....
 Sticks to Snakes         Tmut           #.......     65%         2    ###....
 Confuse                  Hex            #.......     86%         3    ####...
 Dazzling Spray           Conj/Hex       #.....       86%         3    ####...
 Portal Projectile        Hex/Tloc       #.....       86%         3    ####...
 Regeneration             Chrm/Necr      #.........   86%         3    ####...
 Spider Form              Tmut/Pois      #.........   86%         3    ####...
 Tukima's Dance           Hex            #.......     86%         3    ####...
 Vampiric Draining        Necr           #.........   86%         3    ####...
 Animate Dead             Necr           N/A          99%         4    #####..
 Cause Fear               Hex            #.........   99%         4    #####..
 Ice Form                 Ice/Tmut       #.......     99%         4    #####..
 Iskenderun's Mystic Bla  Conj           #.......     99%         4    #####..
 Alistair's Intoxication  Tmut/Pois      #.......     100%        5    ######.
 Blade Hands              Tmut           #.........   100%        5    ######.
 Fireball                 Conj/Fire      #.........   100%        5    ######.
 Venom Bolt               Conj/Pois      #.........   100%        5    ######.
 Discord                  Hex            #.........   100%        8    #######


Dungeon Overview and Level Annotations

Branches:
Dungeon (11/15)            Temple (0/1) D:4            Lair (5/6) D:8
 Shoals (1/4) Lair:2        Snake (0/4) Lair:4        Slime (0/5) Lair:5
    Orc (0/2) D:10        Gauntlet (visited)

Altars:
Cheibriados
Dithmenos
Fedhas
Kikubaaqudgha
Sif Muna
Trog
Xom
Yredelemnul
Zin
The Shining One
Jiyva

Annotations:
Lair:4 exclusion: oklob plant


Innate Abilities, Weirdness & Mutations

You are too large for most types of armour.
You have claws for hands.
Your metabolism is lightning-fast.
You like to eat raw meat.
Your natural rate of healing is unusually fast.
You are covered in fur. (AC +1)
You have extremely tough skin. (AC +3)


Message History

The hippogriff misses you. You block the hippogriff's attack.
The hippogriff claws you.
The merfolk aquamancer hits you with a +0 rapier of electrocution.
You are electrocuted!
You claw the hippogriff!
You kill the hippogriff!
Yredelemnul accepts your kill.
You feel very sick. The merfolk siren closely misses you.
The sea snake completely misses you.
The merfolk siren chants its luring song.
You block the manticore's attack. The manticore claws you!
The manticore claws you.
You claw the merfolk aquamancer!
The merfolk aquamancer is almost dead.
You feel sick.
You block the merfolk aquamancer's attack.
A faun comes into view. It is wielding a +1 spear of piercing.
You block the sea snake's attack.
The merfolk siren chants its luring song. x2
The manticore bites you! You block the manticore's attack.
The manticore claws you.
You mangle the merfolk aquamancer!!
You kill the merfolk aquamancer!
Yredelemnul accepts your kill.
You can now drain ambient life force.
You hear a splash. x2
You feel sick.
The faun unwields a +1 spear of piercing.
The faun wields a +0 hunting sling.
The faun shoots a stone.
You block the stone. The sea snake bites you!
The merfolk siren chants its luring song. x2
You claw the manticore!
The manticore is moderately wounded.
You feel sick. The manticore completely misses you.
You block the manticore's attack. The manticore misses you.
The sea snake closely misses you.
You mangle the manticore!!
The manticore is almost dead.
You feel sick.
The faun shoots a stone.
You block the stone.
The merfolk siren chants its luring song. x2
The manticore bites you!!
* * * LOW HITPOINT WARNING * * *
The manticore claws you but does no damage.
The manticore closely misses you. You block the sea snake's attack.
You scratch the manticore.
The manticore is almost dead.
You feel sick.
The faun shoots a stone.
You block the stone.
The merfolk siren chants its luring song.
The merfolk siren hits you but does no damage.
The sea snake bites you.
* * * LOW HITPOINT WARNING * * *
The manticore misses you. The manticore closely misses you.
You block the manticore's attack.
You mangle the manticore!!
You kill the manticore!
Yredelemnul accepts your kill.
Your Throwing skill increases to level 4!
You feel sick. You block the sea snake's attack.
The merfolk siren chants its luring song.
The faun shoots a stone.
The stone hits you!
* * * LOW HITPOINT WARNING * * *
The merfolk siren chants its luring song.
You closely miss the sea snake.
The sea snake is moderately wounded.
You feel sick. The sea snake bites you.
* * * LOW HITPOINT WARNING * * *
The merfolk siren chants its luring song. x2
You feel much better.
You feel sick.
The faun shoots a stone.
You block the stone.
The sea snake bites you but does no damage.
The merfolk siren chants its luring song. x2
Okay, then.
You enter the shallow water.
Moving in this stuff is going to be slow.
You feel very sick. You block the sea snake's attack.
The faun points at you and mumbles some strange words.
You feel yourself slow down.
The merfolk siren chants its luring song.
The sea snake bites you but does no damage.
The merfolk siren chants its luring song.
The faun gestures at you while chanting.
You feel as though you will be slow longer.
You see here a hippogriff corpse.
You mangle the merfolk siren!!
The merfolk siren is almost dead.
You feel sick. The sea snake bites you!!
* * * LOW HITPOINT WARNING * * *
The merfolk siren chants its luring song. x2
The faun gestures at you while chanting.
You feel as though you will be slow longer.
You block the sea snake's attack.
You mangle the merfolk siren!!
You kill the merfolk siren!
Yredelemnul accepts your kill.
You hear a splash.
You feel sick.
The merfolk siren chants its luring song.
The faun shoots a stone.
The stone hits you!
You die...
Your body rises from the dead as a mindless zombie.

### #.# ##
##.###.#
#......#
####.†≈≈..#
#....<≈≈≈≈##
##.≈)@S≈≈≈.#
#.≈≈≈)≈≈≈≈.#
c..≈≈≈≈≈≈≈≈≈.#
..≈≈≈≈≈m≈(≈≈...
≈≈≈≈≈≈≈≈.(≈≈≈.#
≈≈≈≈≈≈≈....≈≈##
≈≈≈≈≈≈≈≈≈.≈≈...
≈≈≈≈≈≈≈≈≈≈≈≈...


You could see a sea snake, a faun and a merfolk siren.

Vanquished Creatures
  A minotaur (Gauntlet)
  3 hydras
  A merfolk aquamancer (Shoals:1)
  Erica (D:8)
  A sea snake (Lair:2)
  An orc knight (D:10)
  Pikel (D:5)
  A manticore (Shoals:1)
  A merfolk siren (Shoals:1)
  2 black mambas (Lair:5)
  3 elephants (Lair:5)
  A smoke demon (Gauntlet)
  10 spiny frogs
  2 rime drakes (Lair:5)
  3 komodo dragons
  A troll (D:10)
  A red devil (Gauntlet)
  2 meliai (Gauntlet)
  Prince Ribbit (D:9)
  5 hippogriffs
  A dream sheep (Lair:4)
  3 water elementals (Lair:2)
  Eustachio (D:4)
  A wraith (D:10)
  12 yaks
  Sigmund (D:5)
  Grum (D:9)
  A basilisk (Lair:1)
  3 hungry ghosts
  A steam dragon (Lair:3)
  Menkaure (D:4)
  3 nagas (Lair:4)
  3 soldier ants (Gauntlet)
  2 water moccasins (Lair:2)
  10 porcupines
  Duvessa (D:5)
  An ice beast (D:7)
  4 black bears
  3 sky beasts
  4 orc warriors
  7 ogres
  A phantom (D:9)
  10 centaurs
  3 wolves (D:8)
  7 crocodiles
  2 gnoll sergeants
  Blork the orc (D:4)
  13 bullfrogs
  8 scorpions
  21 killer bees
  8 wights
  A howler monkey (D:4)
  4 electric eels
  4 crimson imps
  A centaur zombie (D:9)
  3 jellies
  A centaur skeleton (D:7)
  7 orc priests
  A hound (D:4)
  10 orc wizards
  3 bullfrog skeletons
  Natasha (twice) (D:4)
  A gnoll shaman (D:9)
  3 iguanas
  11 worker ants
  2 hound zombies
  2 hound skeletons
  A howler monkey zombie (D:7)
  12 gnolls
  13 adders
  An elf zombie (D:5)
  3 shadow imps (D:5)
  An adder skeleton (D:9)
  4 worms
  A dart slug (D:2)
  4 leopard geckos
  39 orcs
  A ball python (D:6)
  6 giant cockroaches
  4 hobgoblins
  5 jackals
  3 quokkas
  13 bats
  3 frilled lizards
  8 goblins
  11 kobolds
  4 quokka skeletons
  6 rats
379 creatures vanquished.

Vanquished Creatures (collateral kills)
  Harold (D:9)
  A queen ant (Gauntlet)
  9 elephants (Lair:5)
  Maurice (D:8)
  A spiny frog (Lair:2)
  A komodo dragon (Lair:4)
  A rime drake (Lair:4)
  A meliai (Gauntlet)
  A polar bear (Lair:4)
  A hippogriff (Lair:4)
  6 dream sheep (Lair:4)
  A wyvern (D:10)
  2 yaks (Lair:5)
  A water moccasin (Lair:4)
  A porcupine (Lair:5)
  An orc warrior (D:7)
  A black bear (D:8)
  A phantom (D:9)
  3 wolves
  2 crocodiles
  A bullfrog (Lair:4)
  Dowan (D:5)
  2 scorpions
  An electric eel (Lair:3)
  2 crimson imps
  A hound (D:10)
  An orc priest (D:7)
  A gnoll shaman (D:8)
  An orc wizard (D:8)
  5 gnolls
  2 adders
  A leopard gecko (D:9)
  6 orcs
  3 jackals (D:8)
  4 fungi
  A plant (Gauntlet)
70 creatures vanquished.

Vanquished Creatures (others)
  4 flying skulls
  A black mamba skeleton (Lair:5)
  A spiny frog zombie (Lair:5)
  An elephant skeleton (Lair:5)
  A komodo dragon zombie (Lair:5)
  2 hippogriff skeletons (Lair:5)
  A wight (D:8)
  A yak skeleton (Lair:5)
  2 wolf zombies (D:8)
  2 bullfrog zombies (D:6)
  A black bear skeleton (D:7)
  2 centaur skeletons (D:11)
  Natasha (D:4)
  2 porcupine zombies
  A killer bee zombie (D:10)
  A sky beast zombie (D:8)
  A crocodile zombie (Lair:5)
  A crocodile skeleton (Lair:3)
  2 ogre skeletons (D:7)
  A scorpion zombie (D:5)
  An iguana zombie (D:7)
  2 orc zombies
  4 gnoll skeletons (D:9)
  An orc (D:10)
  5 gnoll zombies
  A giant cockroach zombie (D:5)
  2 orc skeletons
  5 fungi
  3 plants
53 creatures vanquished.

Grand Total: 502 creatures vanquished

Notes
Turn   | Place    | Note
-------+----------+-------------------------------------------
     0 | D:1      | MisterOstroum the Troll Fighter began the quest for the
                  | Orb.
     0 | D:1      | Reached XP level 1. HP: 22/22 MP: 0/0
   262 | D:1      | Reached XP level 2. HP: 29/29 MP: 1/1
   859 | D:2      | Upgraded the game from 0.24-a0-439-g6dd8730de2 to
                  | 0.24-a0-521-g122614bf49
   895 | D:2      | Reached XP level 3. HP: 31/36 MP: 2/2
  1161 | D:2      | Reached XP level 4. HP: 44/45 MP: 3/3
  1205 | D:2      | Found a bloodstained altar of Trog.
  2027 | D:3      | Found a glowing silver altar of Zin.
  2047 | D:3      | Reached XP level 5. HP: 28/53 MP: 4/4
  2698 | D:4      | Noticed Natasha
  2799 | D:4      | Killed Natasha
  2844 | D:4      | Noticed Menkaure
  2847 | D:4      | Killed Menkaure
  2847 | D:4      | Reached XP level 6. HP: 62/62 MP: 5/5
  2909 | D:4      | Found a basalt altar of Yredelemnul.
  2944 | D:4      | Became a worshipper of Yredelemnul the Dark
  3119 | D:4      | Noticed Natasha
  3123 | D:4      | Killed Natasha
  3123 | D:4      | Reached XP level 7. HP: 71/71 MP: 6/6
  3145 | D:4      | Found a staircase to the Ecumenical Temple.
  3210 | D:4      | Reached skill level 1 in Evocations
  3337 | D:4      | Got a shimmering rapier
  3379 | D:4      | Identified the cursed +0 rapier "Gorotz" {flame, rC+ Int+2
                  | Stlth-} (You found it on level 4 of the Dungeon)
  3406 | D:3      | Reached skill level 5 in Unarmed Combat
  3573 | D:4      | Killed Natasha
  3574 | D:4      | Reached * piety under Yredelemnul
  3605 | D:4      | Noticed Blork the orc
  3606 | D:4      | Noticed Eustachio
  3623 | D:4      | Killed Blork the orc
  3623 | D:4      | Reached skill level 5 in Fighting
  3623 | D:4      | Reached XP level 8. HP: 57/80 MP: 8/8
  3649 | D:4      | Killed Eustachio
  3698 | D:4      | Found a shimmering altar of Xom.
  4052 | D:5      | Entered Level 5 of the Dungeon
  4133 | D:5      | Noticed Dowan
  4159 | D:5      | Killed Dowan
  4362 | D:5      | Noticed Duvessa
  4382 | D:5      | Killed Duvessa
  4515 | D:5      | Noticed Pikel
  4539 | D:5      | Killed Pikel
  4539 | D:5      | Reached XP level 9. HP: 50/88 MP: 10/10
  4614 | D:5      | Found a deep blue altar of Sif Muna.
  4954 | D:5      | Noticed Sigmund
  4970 | D:5      | Killed Sigmund
  4970 | D:5      | Reached skill level 5 in Dodging
  4970 | D:5      | Reached skill level 5 in Shields
  5194 | D:6      | Found a snail-covered altar of Cheibriados.
  5418 | D:6      | Reached ** piety under Yredelemnul
  5769 | D:6      | Found a glowing golden altar of the Shining One.
  5969 | D:7      | Reached skill level 5 in Evocations
  6347 | D:7      | Upgraded the game from 0.24-a0-521-g122614bf49 to
                  | 0.24-a0-525-g9231cdcba1
  6360 | D:7      | Reached XP level 10. HP: 95/98 MP: 12/12
  6860 | D:7      | Found an ancient bone altar of Kikubaaqudgha.
  6975 | D:8      | You fall into a shaft and drop 1 floor!
  6981 | D:9      | Reached *** piety under Yredelemnul
  7449 | D:8      | Received a gift from Yredelemnul (a wight)
  7484 | D:8      | Noticed Maurice
  7496 | D:8      | Found a staircase to the Lair.
  7538 | D:8      | Killed Maurice
  7557 | Lair:1   | Entered Level 1 of the Lair of Beasts
  8053 | D:8      | Found a blossoming altar of Fedhas.
  8277 | D:8      | Noticed Erica
  8297 | D:8      | Killed Erica
  8787 | D:9      | Noticed Grum
  8794 | D:9      | Killed Grum
  8795 | D:9      | Noticed Harold
  8815 | D:9      | Killed Harold
  8815 | D:9      | Reached skill level 1 in Invocations
  8815 | D:9      | Reached XP level 11. HP: 63/109 MP: 13/13
  8992 | D:9      | Reached skill level 1 in Throwing
  9134 | D:9      | Noticed Prince Ribbit
  9152 | D:9      | Killed Prince Ribbit
  9385 | D:10     | Entered Level 10 of the Dungeon
 10014 | D:10     | Noticed an orc knight
 10020 | D:10     | Found a staircase to the Orcish Mines.
 10032 | D:10     | Killed an orc knight
 11051 | D:11     | Noticed a white ugly thing
 12770 | Lair:2   | Found a staircase to the Shoals.
 13024 | Lair:2   | Reached skill level 5 in Invocations
 13024 | Lair:2   | Reached XP level 12. HP: 122/122 MP: 14/14
 13695 | Lair:3   | Upgraded the game from 0.24-a0-525-g9231cdcba1 to
                  | 0.24-a0-581-gc0fa6600bf
 14028 | Lair:3   | Reached skill level 1 in Armour
 14438 | Lair:4   | Found a staircase to the Snake Pit.
 14595 | Lair:4   | Noticed an eight-headed hydra
 14612 | Lair:4   | Killed an eight-headed hydra
 15331 | Lair:5   | Found a shadowy altar of Dithmenos.
 15331 | Lair:5   | Found a gate leading to a gauntlet.
 15397 | Lair:5   | Noticed an eight-headed hydra
 15475 | Gauntlet | Entered a Gauntlet
 15475 | Gauntlet | Found a transporter.
 15475 | Gauntlet | Found a transporter.
 15617 | Gauntlet | Found a transporter.
 15617 | Gauntlet | Found a transporter.
 15620 | Gauntlet | Found a transporter.
 15620 | Gauntlet | Found a transporter.
 15622 | Gauntlet | Found a large runed translucent door.
 15623 | Gauntlet | Found a large runed translucent door.
 15624 | Gauntlet | Found a large runed translucent door.
 15624 | Gauntlet | Found a large runed translucent door.
 15624 | Gauntlet | Found a runed translucent door.
 15625 | Gauntlet | Found a large runed translucent door.
 15626 | Gauntlet | Found a large runed translucent door.
 15627 | Gauntlet | Found a large runed translucent door.
 15627 | Gauntlet | Found a large runed translucent door.
 15628 | Gauntlet | Found a runed translucent gate.
 15629 | Gauntlet | Noticed a queen ant
 15630 | Gauntlet | Found a transporter.
 15634 | Gauntlet | Found a transporter.
 15646 | Gauntlet | Found a transporter.
 15646 | Gauntlet | Noticed a hell beast
 15738 | Gauntlet | Found a large runed translucent door.
 15739 | Gauntlet | Found a large runed translucent door.
 15740 | Gauntlet | Found a large runed translucent door.
 15740 | Gauntlet | Found a large runed translucent door.
 15740 | Gauntlet | Found a runed translucent door.
 15741 | Gauntlet | Found a large runed translucent door.
 15742 | Gauntlet | Found a large runed translucent door.
 15743 | Gauntlet | Found a large runed translucent door.
 15743 | Gauntlet | Found a large runed translucent door.
 15744 | Gauntlet | Found a runed translucent gate.
 15744 | Gauntlet | Found a runed translucent gate.
 15745 | Gauntlet | Noticed a death scarab
 15746 | Gauntlet | Found a transporter.
 15750 | Gauntlet | Found a transporter.
 15766 | Gauntlet | Found a transporter.
 15847 | Gauntlet | Received a gift from Yredelemnul (4 flying skulls)
 15894 | Gauntlet | Killed a queen ant
 16143 | Gauntlet | Identified the +8 morningstar "Suxoinet" {protect, MP+9}
 16143 | Gauntlet | Noticed a minotaur
 16153 | Gauntlet | Paralysed by a floating eye for 2 turns
 16155 | Gauntlet | Killed a minotaur
 16162 | Gauntlet | Identified the Volume of Excruciating Poisoning
 16162 | Gauntlet | Identified the Volume of Beguiling
 16191 | Lair:5   | Killed an eight-headed hydra
 16238 | Lair:5   | Reached skill level 10 in Unarmed Combat
 16420 | Lair:5   | Noticed a four-headed hydra
 16436 | Lair:5   | Killed a five-headed hydra
 16436 | Lair:5   | Reached skill level 10 in Fighting
 16721 | Lair:5   | Reached XP level 13. HP: 65/133 MP: 13/15
 17036 | Lair:5   | Found a staircase to the Slime Pits.
 17036 | Lair:5   | Found a viscous altar of Jiyva.
 17370 | Shoals:1 | Entered Level 1 of the Shoals
 17439 | Lair:2   | Reached **** piety under Yredelemnul
 17492 | Shoals:1 | HP: 5/133 [poisoned by a sea snake]
 17492 | Shoals:1 | Shot with a stone by a faun

Levels and vault maps discovered:
D:1:      dpeg_arrival_another_circle, layout_basic
D:2:      layout_basic, bloody_trog
D:3:      layout_basic, lemuel_tele_altar
D:4:      layout_basic, overflow_temple_1_default,
          minmay_temple_entry_statues_pillars, first_ration,
          xom_confusion_cloud, uniq_blork_the_orc, uniq_eustachio,
          uniq_menkaure, uniq_natasha
D:5:      lemuel_upstairs_altar, layout_loops_ring, led_sif_pool,
          minmay_misc_feat_rows, uniq_duvessa, uniq_pikel, uniq_sigmund
D:6:      layout_basic, lemuel_round_altar, tso_metal_star
D:7:      hangedman_cross_stitches, layout_loops_ring, lemuel_round_altar
D:8:      layout_basic, lemuel_round_altar, minmay_lair_entry_grove,
          serial_co_window_serial, co_window_of_opportunity_a,
          co_window_paths_b, co_window_of_opportunity_a, co_window_paths_b,
          co_window_paths_a, co_window_corner_a, co_window_broadway_c,
          co_window_cross_2, co_window_cross_2, glass_columns_c,
          glass_columns_c, glass_columns_a, glass_columns_a, glass_columns_b,
          uniq_erica, uniq_maurice
D:9:      layout_small_grid, uniq_harold, uniq_grum, uniq_prince_ribbit1
D:10:     layout_roguey, erik_orc_2
D:11:     layout_rooms
Lair:1:   layout_long_grid
Lair:2:   layout_regular_city, elwin_shoals_entry_rocks
Lair:3:   layout_gridlike, nicolae_quartered_pool_super, guppyfry_lair_drakes
Lair:4:   layout_big_grid, guppyfry_snake_entry_island, grunt_megastairs_3
Lair:5:   layout_hall_layers, slime_altar_1, basic_altar, gauntlet_entry_generic
Shoals:1: layout_shoals

Skill      XL: |  1  2  3  4  5  6  7  8  9 10 11 12 13 |
---------------+----------------------------------------+-----
Fighting       | 3 4 5 6 7 8 10 | 10.2
Unarmed Combat | 3 4 5 6 8 10 | 10.0
Dodging        | 3 4 5 7 8 |  8.0
Shields        | 3 4 6 9 |  9.1
Evocations     | 1 3 5 |  5.0
Invocations    | 1 5 |  5.4
Throwing       | 3 4 |  4.1
Armour         | 2 |  2.9

Action                   |  1- 3 |  4- 6 |  7- 9 | 10-12 | 13-15 || total
-------------------------+-------+-------+-------+-------+-------++-------
Melee: Unarmed           |   103 |   136 |   304 |   797 |    73 ||  1413
Throw: Stone             |    13 |    22 |    19 |   173 |    19 ||   246
       Dart              |       |     6 |    38 |       |       ||    44
Invok: Animate Remains   |       |       |    10 |    19 |       ||    29
       Animate Dead      |       |       |       |    17 |     5 ||    22
       Injury Mirror     |       |       |       |    10 |       ||    10
       Recall Undead Sla |       |       |       |     2 |     2 ||     4
       Drain Life        |       |       |       |       |     1 ||     1
Evoke: Wand              |       |     3 |     1 |     3 |       ||     7
  Use: Scroll            |       |       |     5 |     9 |       ||    14
       Potion            |       |       |       |     2 |     1 ||     3
 Stab: Sleeping          |     1 |     1 |     1 |     2 |       ||     5
       Distracted        |       |       |       |     7 |     2 ||     9
  Eat: Chunk             |    16 |    18 |    33 |   110 |     9 ||   186
       Ration            |       |       |       |     2 |       ||     2
Armor: Robe              |    41 |    38 |    54 |   119 |       ||   252
       Steam dragon scal |       |       |       |    21 |    18 ||    39
Dodge: Dodged            |    35 |    38 |    82 |   307 |    73 ||   535
Block: Shield            |    46 |    62 |   117 |   464 |    71 ||   760

Table legend:
 A = Non-vault XP
 B = Vault XP
 C = Vault XP percentage of total XP
 D = Non-vault monster count
 E = Vault monster count
 F = Vault count percentage of total count
                 A         B        C        D         E       F
            +---------+---------+-------+---------+---------+-------
      Total |   33242 |   12512 |  27.3 |     366 |      77 |  17.4
            +---------+---------+-------+---------+---------+-------
        D:1 |      31 |       0 |   0.0 |      21 |       0 |   0.0
        D:2 |      90 |       0 |   0.0 |      26 |       0 |   0.0
        D:3 |     274 |       0 |   0.0 |      23 |       0 |   0.0
        D:4 |     825 |     507 |  38.1 |      32 |       6 |  15.8
        D:5 |     449 |    1059 |  70.2 |      12 |       4 |  25.0
        D:6 |     901 |       0 |   0.0 |      17 |       0 |   0.0
        D:7 |    1470 |     407 |  21.7 |      33 |       7 |  17.5
        D:8 |     586 |    2558 |  81.4 |      23 |      14 |  37.8
        D:9 |    1448 |    1162 |  44.5 |      28 |       5 |  15.2
       D:10 |    2202 |    1094 |  33.2 |      33 |      19 |  36.5
       D:11 |    1088 |       0 |   0.0 |      18 |       0 |   0.0
     Lair:1 |    2063 |       0 |   0.0 |      11 |       0 |   0.0
     Lair:2 |    5052 |       0 |   0.0 |      21 |       0 |   0.0
     Lair:3 |    1632 |     919 |  36.0 |      12 |       3 |  20.0
     Lair:4 |    2957 |     845 |  22.2 |      15 |       5 |  25.0
     Lair:5 |    9991 |       0 |   0.0 |      36 |       0 |   0.0
   Shoals:1 |    2183 |       0 |   0.0 |       5 |       0 |   0.0
   Gauntlet |       0 |    3961 | 100.0 |       0 |      14 | 100.0
            +---------+---------+-------+---------+---------+-------
